 Dungeon Crawl Stone Soup version 0.24-a0-789-g35933f4585 (webtiles) character file.

Game seed: 1466049139834553514, levelgen mode: deterministic

288 Kohma the Caller (level 6, -1/41 HPs)
             Began as a Merfolk Summoner on Oct 10, 2019.
             Slain by a hound (5 damage)
             ... on level 4 of the Dungeon.
             The game lasted 00:13:58 (4428 turns).

Kohma the Caller (Merfolk Summoner)                 Turns: 4428, Time: 00:13:59

Health: -1/41      AC:  5    Str:  9    XL:     6   Next: 31%
Magic:  3/11       EV: 13    Int: 16    God:
Gold:   156        SH:  0    Dex: 14    Spells: 8/11 levels left

rFire    + . .     SeeInvis .   y - +0 halberd
rCold    . . .     Gourm    .   (shield currently unavailable)
rNeg     . . .     Faith    .   a - +0 robe
rPois    +         Spirit   .   (no helmet)
rElec    .         Reflect  .   t - +2 cloak
rCorr    .         Harm     .   (no gloves)
MR       .....                  (no boots)
Stlth    ++........             (no amulet)
HPRegen  0.13/turn              d - ring of protection from fire
MPRegen  0.12/turn              k - ring of poison resistance

@: lethally poisoned (-1 -> -3)
A: change form in water, swift swim, stealthy swim
a: no special abilities


You were on level 4 of the Dungeon.
You were not hungry.

You visited 1 branch of the dungeon, and saw 5 of its levels.

You collected 156 gold pieces.

Inventory:

Hand Weapons
 e - a +1 short sword
 g - a +0 mace of holy wrath
 y - a +0 halberd (weapon)
Missiles
 j - 13 poisoned darts
 l - 8 javelins (quivered)
Armour
 a - a +0 robe (worn)
 p - a +0 buckler
 t - a +2 cloak (worn)
 w - a +0 ring mail
 E - a +0 shield
Magical Staves
 A - an uncursed staff of energy {unknown}
Jewellery
 d - a ring of protection from fire (left hand)
 i - an uncursed ring of see invisible
 k - a ring of poison resistance (right hand)
Wands
 m - a wand of acid (7)
 s - a wand of random effects (14)
Scrolls
 b - 2 scrolls of teleportation
 f - 5 scrolls of remove curse
 o - 3 scrolls of identify
 u - a scroll of blinking
 C - 3 scrolls of random uselessness {unknown}
 D - a scroll of noise {unknown}
Potions
 q - a potion of might
 r - a potion of curing {unknown}
 v - a potion of degeneration {unknown}
 x - a potion of brilliance
 z - a potion of agility {unknown}
Comestibles
 c - 6 rations


   Skills:
 - Level 2.6 Dodging
 - Level 2.1 Stealth
 * Level 2.7 Shields
 + Level 3.3 Spellcasting
 * Level 5.9 Summonings


You had 8 spell levels left.
You knew the following spells:

 Your Spells              Type           Power        Failure   Level  Hunger
a - Summon Small Mammal   Summ           ###.         1%          1    None
b - Call Imp              Summ           ###.....     2%          2    ##.....

Your spell library contained the following spells:

 Spells                   Type           Power        Failure   Level  Hunger
 Call Canine Familiar     Summ           ###.....     4%          3    ###....
 Summon Guardian Golem    Hex/Summ       ##......     16%         3    ###....
 Summon Ice Beast         Ice/Summ       ##......     47%         4    ####...
 Summon Lightning Spire   Summ/Air       ##......     47%         4    ####...


Dungeon Overview and Level Annotations

Branches:
Dungeon (5/15)
 Temple: D:4-7

Altars:
Dithmenos
Ru
Vehumet


Message History

There is a stone staircase leading down here.
The goblin barely misses you. The hound bites you.
* * * LOW HITPOINT WARNING * * *
You feel yourself speed up.
You feel sick. The adder bites you but does no damage. The hound bites you.
* * * LOW HITPOINT WARNING * * *
The goblin misses you. The adder completely misses you.
The goblin zaps a wand.
The puff of flame hits you. You resist.
* * * LOW HITPOINT WARNING * * *
The goblin zaps a wand.
The puff of flame hits you. You resist.
* * * LOW HITPOINT WARNING * * *
It was a potion of brilliance.
You feel clever all of a sudden. The hound bites you but does no damage.
It was a potion of cancellation.
Your magical effects are unravelling.
You feel magically purged.
You feel yourself slow down.
You feel a little less clever now. The hound bites you.
You die...

.................#.....+.........
.................#...###......###
.................#.........######
.................#....####### #..
.............>...#....#.....# #..
.............g...#....#.###.###..
.................#....#..........
...............Sh#....#..5.5.....
#...............@#..####.###5....
#........[.......#..5.5..# #.5...
#................##.###### ####..
#...................# ###
####.............####
#.............# #.............#
#.............# ###############


You could see a hound, an adder and a goblin.

Vanquished Creatures
  Crazy Yiuf (D:2)
  An orc wizard (D:4)
  A hound skeleton (D:4)
  A worm (D:2)
  A dart slug (D:1)
  A leopard gecko (D:2)
  2 orcs
  2 giant cockroaches
  5 goblins
  3 hobgoblins
  2 quokkas (D:3)
  3 bats
  2 frilled lizards
  4 kobolds
  5 rats
34 creatures vanquished.

Vanquished Creatures (collateral kills)
  Edmund (D:4)
  2 howler monkeys
  An orc wizard (D:4)
  2 worker ants (D:4)
  4 gnolls (D:4)
  2 adders
  3 worms
  A dart slug (D:3)
  5 orcs (D:3)
  4 goblins
  4 hobgoblins
  13 bats
  5 kobolds
  4 rats
51 creatures vanquished.

Grand Total: 85 creatures vanquished

Notes
Turn   | Place    | Note
-------+----------+-------------------------------------------
     0 | D:1      | Kohma the Merfolk Summoner began the quest for the Orb.
     0 | D:1      | Reached XP level 1. HP: 13/13 MP: 3/3
   578 | D:1      | Reached XP level 2. HP: 19/19 MP: 5/5
   583 | D:1      | Learned a level 2 spell: Call Imp
   921 | D:2      | Reached XP level 3. HP: 15/24 MP: 1/6
  1188 | D:2      | Found a shadowy altar of Dithmenos.
  1348 | D:2      | Found a sacrificial altar of Ru.
  1843 | D:2      | Found a runed translucent door.
  1844 | D:2      | Noticed Crazy Yiuf
  1901 | D:2      | Killed Crazy Yiuf
  1901 | D:2      | Reached skill level 5 in Summonings
  1901 | D:2      | Reached XP level 4. HP: 8/30 MP: 1/8
  2869 | D:3      | Reached skill level 1 in Shields
  3156 | D:4      | Reached XP level 5. HP: 15/35 MP: 3/9
  3787 | D:4      | Noticed Edmund
  3811 | D:4      | Killed Edmund
  4004 | D:4      | Reached XP level 6. HP: 41/41 MP: 8/10
  4252 | D:4      | Found Kilub's Distillery.
  4414 | D:5      | Entered Level 5 of the Dungeon
  4414 | D:5      | Found a radiant altar of Vehumet.
  4428 | D:4      | Slain by a hound

Levels and vault maps discovered:
D:1:      lordsloth_arrival_two_stooges, layout_basic, roderic_lattice_a
D:2:      layout_rooms, overflow_temple_1_default,
          nicolae_overflow_hidden_temple, uniq_crazy_yiuf_cottage
D:3:      layout_basic
D:4:      layout_basic, serial_shops, nicolae_shop_trees, first_ration,
          minmay_large_rounded_square, uniq_edmund
D:5:      layout_cave_pools, vehumet_altar_wand_db, doesnt_xom_only_xom,
          cheibriados_altar_1, lemuel_round_altar

Skill      XL: |  1  2  3  4  5 |
---------------+----------------+-----
Summonings     | 5 |  5.9
Shields        | 1 2 |  2.7
Spellcasting   | 3 |  3.3
Dodging        | |  2.6
Stealth        | |  2.1

Action                   |  1- 3 |  4- 6 || total
-------------------------+-------+-------++-------
Melee: Short sword       |    65 |    55 ||   120
       Unarmed           |     2 |       ||     2
       Halberd           |       |    21 ||    21
Throw: Javelin           |       |     2 ||     2
 Cast: Summon Small Mamm |    12 |       ||    12
       Call Imp          |    25 |    48 ||    73
  Use: Scroll            |       |    10 ||    10
       Potion            |       |     4 ||     4
 Stab: Sleeping          |     6 |       ||     6
  Eat: Chunk             |     4 |    11 ||    15
Armor: Robe              |    22 |    26 ||    48
Dodge: Dodged            |    76 |    75 ||   151

Table legend:
 A = Non-vault XP
 B = Vault XP
 C = Vault XP percentage of total XP
 D = Non-vault monster count
 E = Vault monster count
 F = Vault count percentage of total count
                 A         B        C        D         E       F
            +---------+---------+-------+---------+---------+-------
      Total |     301 |     111 |  26.9 |      83 |       2 |   2.4
            +---------+---------+-------+---------+---------+-------
        D:1 |      24 |       0 |   0.0 |      19 |       0 |   0.0
        D:2 |      39 |      26 |  40.0 |      24 |       1 |   4.0
        D:3 |      47 |       0 |   0.0 |      27 |       0 |   0.0
        D:4 |     164 |      85 |  34.1 |      12 |       1 |   7.7
        D:5 |      27 |       0 |   0.0 |       1 |       0 |   0.0
            +---------+---------+-------+---------+---------+-------
